 Dungeon Crawl Stone Soup version 0.32-a0-391-gce5c0aa (webtiles) character file.

Game seed: 16241957815563176698

23558 Dorkslayer the Cleaver (level 12, 0/104 HPs)
             Began as a Mountain Dwarf Fighter on Feb 19, 2024.
             Was an Initiate of Gozag.
             Killed by divine providence
             ... invoked by an orc high priest
              (17 damage)
             ... on level 2 of the Orcish Mines.
             The game lasted 00:41:23 (11448 turns).

Dorkslayer the Cleaver (Mountain Dwarf Fighter)    Turns: 11448, Time: 00:41:24

Health: 0/104      AC: 19    Str: 35    XL:     12   Next: 72%
Magic:  12/12      EV: 15    Int:  7    God:    Gozag
Gold:   1572       SH: 13    Dex: 12    Spells: 11/11 levels left

rFire   . . .        a - +3 war axe (flame)
rCold   . . .        H - +2 kite shield
rNeg    . . .        b - +0 plate armour
rPois   .            s - +0 helmet
rElec   .            (no cloak)
rCorr   .            (no gloves)
SInv    .            E - +2 pair of boots
Will    +....        G - amulet of regeneration Stlth
                     i - ring of Yqiffur {EV+5 Str+8 Int-2 Dex+4}
HPRegen 1.17/turn    (no ring)
MPRegen 0.13/turn

%: no passive effects
@: lethally poisoned (0 -> -5), gold aura
A: runic magic, artefact enchanting, strong 1
a: Renounce Religion, Potion Petition, Call Merchant, Bribe Branch


You were on level 2 of the Orcish Mines.
You worshipped Gozag.
Gozag was most pleased with you.
You visited 3 branches of the dungeon, and saw 13 of its levels.

You collected 3667 gold pieces.
You spent 2046 gold pieces at shops.
You paid 49 gold pieces to Gozag.

Inventory:

Hand Weapons
 a - a +3 war axe of flaming (weapon)
 d - a +0 morningstar
 h - a +0 war axe
 j - a +2 war axe of venom
 F - a +0 war axe of freezing
Missiles
 g - 3 throwing nets
 m - a curare-tipped dart
 n - 10 boomerangs
 u - an atropa-tipped dart (quivered)
Armour
 b - a +0 plate armour (worn)
 s - a +0 helmet (worn)
 E - a +2 pair of boots (worn)
 H - a +2 kite shield (worn)
Jewellery
 i - the ring of Yqiffur (left hand) {EV+5 Str+8 Int-2 Dex+4}
   (You bought it in a shop on level 3 of the Dungeon)

   [ring of evasion]

   EV+5:      It affects your evasion (+5).
   Str+8:     It affects your strength (+8).
   Int-2:     It affects your intelligence (-2).
   Dex+4:     It affects your dexterity (+4).
 G - an amulet of regeneration (around neck)
Wands
 p - a wand of charming (6)
 A - a wand of flame (3)
Scrolls
 q - a scroll of blinking
 w - 2 scrolls of teleportation
 x - 2 scrolls of identify
 y - a scroll of fear
 B - a scroll of amnesia
 C - a scroll of immolation
 D - 2 scrolls of poison
Potions
 c - a potion of heal wounds
 e - a potion of cancellation
 f - a potion of brilliance
 k - a potion of enlightenment
 l - 6 potions of curing
 o - 3 potions of mutation
 r - 2 potions of magic
 v - 2 potions of resistance


   Skills:
 + Level 9.3 Fighting
 + Level 14.7 Axes
 + Level 1.3 Throwing
 * Level 9.3 Armour
 * Level 6.2 Dodging
 + Level 2.7 Stealth
 * Level 9.9 Shields
 * Level 6.9 Evocations


You had 11 spell levels left.
You didn't know any spells.
Your spell library contained the following spells:

 Spells                   Type           Power      Damage    Failure   Level
 Magic Dart               Conj           0%         1d3       71%         1
 Sting                    Conj/Alch      0%         1d3       71%         1
 Blink                    Tloc           0%         N/A       85%         2
 Call Imp                 Summ           0%         N/A       85%         2
 Lesser Beckoning         Tloc           0%         N/A       85%         2
 Mercury Vapours          Alch/Air       0%         N/A       85%         2
 Gell's Gravitas          Tloc           0%         N/A       97%         3
 Ozocubu's Armour         Ice            0%         N/A       97%         3
 Teleport Other           Tloc           0%         N/A       97%         3
 Tukima's Dance           Hex            0%         N/A       97%         3
 Ignite Poison            Fire/Alch      0%         N/A       100%        4
 Olgreb's Toxic Radiance  Alch           0%         N/A       100%        4
 Passage of Golubria      Tloc           0%         N/A       100%        4
 Sticky Flame             Fire/Alch      0%         2d4       100%        4
 Metabolic Englaciation   Hex/Ice        0%         N/A       100%        5
 Silence                  Hex/Air        0%         N/A       100%        5
 Yara's Violent Unravell  Hex/Alch       0%         3d3       100%        5
 Sculpt Simulacrum        Ice/Alch       0%         N/A       100%        6
 Ignition                 Fire           0%         3d3       100%        8
 Lehudib's Crystal Spear  Conj/Erth      0%         10d2      100%        8


Dungeon Overview and Level Annotations

Branches:
Dungeon (10/15)            Temple (1/1) D:5            Lair (0/5) D:9
    Orc (2/2) D:10            Elf (0/3) Orc:2

Altars:
Ashenzari
Cheibriados
Dithmenos
Elyvilon
Fedhas
Gozag
Hepliaklqana
Kikubaaqudgha
Makhleb
Nemelex Xobeh
Okawaru
Qazlal
Ru
Sif Muna
Trog
Uskayaw
Vehumet
Wu Jian
Xom
Yredelemnul
Zin
The Shining One

Shops:
D:3 =   D:4 :(   D:8 ?   Orc:2 *!*


Innate Abilities, Weirdness & Mutations

Your spellcasting is much less encumbered by armour.
You can use scrolls of enchantment on lesser artefacts.
Your muscles are strong. (Str +4, Int/Dex -1)


Message History

You kill the orc sorcerer!
You hit the orc warrior. You burn the orc warrior.
You kill the orc warrior!
Your life force feels restored.
The orc high priest closely misses you.
Items here: $ ))) [[[.
Items here: ))) [[[.
You closely miss the orc high priest.
The orc high priest invokes the aid of Beogh against you.
Beogh smites you!
You closely miss the orc high priest. The hellwing hits you!
You block the hellwing's attack.
The orc high priest hits you but does no damage.
The orc high priest hits you with a +3 hand axe of venom!
You are poisoned.
Items here: $ ))) [[[.
You hit the orc high priest. You burn the orc high priest.
The orc high priest is lightly wounded.
You hit the hellwing. You burn the hellwing. You hit the orc high priest.
You burn the orc high priest.
You feel very sick.
The hellwing hits you but does no damage.
You block the hellwing's attack.
The orc high priest utters an invocation to Beogh.
The orc high priest prays to Beogh.
You closely miss the orc high priest.
The orc high priest is lightly wounded.
You closely miss the sun demon. You barely miss the orc high priest.
You barely miss the hellwing.
You feel very sick. The hellwing hits you.
* * * LOW HITPOINT WARNING * * *
You block the hellwing's attack.
The orc high priest invokes the aid of Beogh against you.
Pain shoots through your body!
* * * LOW HITPOINT WARNING * * *
The orc high priest mumbles some strange prayers to Beogh against you.
Beogh smites you!
You die...
Your body crumbles into a pile of gold.

##..##..##)).#.......
#......###))###......
##....###..#####.....
#....###..###.###....
##..###..###...###...
#####..###.#)#.###..
##$.###..4#)..###.
##o)###..o###o..###
##3@###...##.##o..##
##..4o)...##44o##...#
##....#4..## #3.##o..
##...#....## #.4##4#
##∩.#.....## #o.$$.
#.....#..## ##.#..
##∩.#.....## #o....
##...#....## #..##.#
##....#...## #..##...


You could see 2 orc high priests, a sun demon (summoned), a hellwing (summoned)
and a red devil (summoned).

Vanquished Creatures
  Jorgrun (D:10)
  Harold (D:9)
  A demonspawn (Orc:2)
  A two-headed ogre (Orc:2)
  2 orc high priests (Orc:2)
  4 orc knights
  6 orc sorcerers
  An ugly thing (D:10)
  2 cyclopes
  6 kobold blastminers
  A smoke demon (Orc:2)
  Joseph (D:10)
  An orange demon (Orc:2)
  A komodo dragon (D:9)
  2 tengu conjurers (D:10)
  A hellwing (Orc:2)
  2 trolls
  Grinder (D:3)
  A hornet (D:10)
  2 vampires (D:10)
  A wraith (D:10)
  3 wargs
  4 yaks (D:8)
  A steam dragon (D:9)
  A water moccasin (D:5)
  24 orc warriors
  4 black bears (D:9)
  3 ice beasts (D:5)
  5 ogres
  4 centaurs
  A phantom (D:6)
  2 kobold brigands (D:8)
  2 bullfrogs (D:9)
  A gnoll sergeant (D:10)
  3 scorpions
  5 wights (D:8)
  17 killer bees
  3 howler monkeys
  A jelly (D:7)
  5 hounds
  4 bombardier beetles
  2 gnoll boudas
  28 orc priests
  16 orc wizards
  5 iguanas
  5 sleepcaps
  Natasha (thrice) (D:2)
  A hell rat (D:9)
  11 gnolls
  2 river rats (D:9)
  5 adders
  3 shadow imps
  A white imp (D:7)
  3 ufetubi (D:6)
  A ribbon worm (D:2)
  A dart slug (D:4)
  68 orcs
  7 endoplasms
  2 giant cockroaches
  A goblin (D:3)
  8 hobgoblins
  A quokka (D:2)
  11 ball pythons
  3 bats (D:1)
  6 frilled lizards
  14 kobolds
  8 rats
348 creatures vanquished.

Notes
Turn   | Place    | Note
-------+----------+-------------------------------------------
     0 | D:1      | Dorkslayer the Mountain Dwarf Fighter began the quest for
                  | the Orb.
     0 | D:1      | Reached XP level 1. HP: 19/19 MP: 1/1
   112 | D:1      | Reached XP level 2. HP: 26/26 MP: 2/2
   335 | D:1      | Reached XP level 3. HP: 21/31 MP: 3/3
   458 | D:1      | Reached skill level 3 in Axes
   970 | D:2      | Reached XP level 4. HP: 37/40 MP: 4/4
   978 | D:2      | Reached skill level 1 in Dodging
   981 | D:2      | Noticed Natasha
   990 | D:2      | Killed Natasha
  1292 | D:2      | Noticed Natasha
  1305 | D:2      | Killed Natasha
  1306 | D:2      | Reached XP level 5. HP: 32/46 MP: 5/5
  1393 | D:2      | Noticed Natasha
  1404 | D:2      | Killed Natasha
  1405 | D:2      | Reached skill level 4 in Axes
  1552 | D:3      | Gained mutation: Your muscles are strong. (Str +4, Int/Dex
                  | -1) [potion of mutation]
  1613 | D:3      | Found Voibegin's Jewellery Shop.
  1939 | D:3      | Noticed Grinder
  1967 | D:3      | Killed Grinder
  1968 | D:3      | Reached skill level 5 in Axes
  1968 | D:3      | Reached XP level 6. HP: 37/53 MP: 6/6
  2219 | D:4      | Reached XP level 7. HP: 28/60 MP: 7/7
  2256 | D:4      | Reached skill level 5 in Armour
  2506 | D:4      | Reached skill level 6 in Axes
  2543 | D:4      | Found Pidd's Weapon Boutique.
  2676 | D:4      | Identified a scroll of acquirement
  2676 | D:4      | Acquired 567 gold pieces
  2761 | D:4      | Found Omomirr's Book Boutique.
  2969 | D:3      | Bought the ring of Yqiffur {EV+5 Str+8 Int-2 Dex+4} for 640
                  | gold pieces
  3022 | D:5      | Entered Level 5 of the Dungeon
  3172 | D:5      | Reached skill level 7 in Axes
  3176 | D:5      | Reached XP level 8. HP: 64/67 MP: 8/8
  3189 | D:5      | Reached skill level 5 in Fighting
  3395 | D:5      | Found a staircase to the Ecumenical Temple.
  3405 | Temple   | Entered the Ecumenical Temple
  3444 | Temple   | Became a worshipper of Gozag Ym Sagoz the Greedy
  3497 | D:5      | Reached skill level 8 in Axes
  3497 | D:5      | Reached skill level 1 in Stealth
  3896 | D:6      | Reached skill level 9 in Axes
  4004 | D:6      | Reached XP level 9. HP: 72/74 MP: 9/9
  4352 | D:6      | You fall into a shaft and drop 1 floor!
  4352 | D:7      | Found Xockoana's Magic Scroll Emporium.
  4356 | D:7      | Bought a scroll of identify for 30 gold pieces
  4356 | D:7      | Bought a scroll of blinking for 112 gold pieces
  4356 | D:7      | Bought a scroll of brand weapon for 142 gold pieces
  4356 | D:7      | Bought a scroll of identify for 30 gold pieces
  4374 | D:7      | Reached skill level 10 in Axes
  4570 | D:6      | Found a sacrificial altar of Ru.
  4570 | D:6      | Found a blossoming altar of Fedhas.
  4808 | D:7      | Reached skill level 5 in Shields
  5125 | D:7      | Reached skill level 11 in Axes
  5456 | D:7      | Bought a scroll of torment for 142 gold pieces
  5456 | D:7      | Bought a scroll of teleportation for 45 gold pieces
  5456 | D:7      | Bought a scroll of fear for 60 gold pieces
  5583 | D:8      | Found Ceitouricis's Magic Scroll Shoppe.
  5593 | D:8      | Bought a scroll of amnesia for 48 gold pieces
  5593 | D:8      | Bought a scroll of identify for 24 gold pieces
  5594 | D:8      | Bought a scroll of identify for 24 gold pieces
  5753 | D:8      | Reached XP level 10. HP: 57/84 MP: 10/10
  5956 | D:8      | Bought a scroll of identify for 24 gold pieces
  5956 | D:8      | Bought a scroll of identify for 24 gold pieces
  6458 | D:9      | Found a staircase to the Lair.
  6483 | D:9      | Reached skill level 1 in Evocations
  6499 | D:9      | Reached skill level 5 in Dodging
  6827 | D:9      | Reached skill level 12 in Axes
  7538 | D:9      | Noticed Harold
  7556 | D:9      | Killed Harold
  7671 | D:10     | Entered Level 10 of the Dungeon
  7675 | D:10     | Found a staircase to the Orcish Mines.
  7955 | D:10     | Noticed Joseph
  7973 | D:10     | Killed Joseph
  8617 | D:10     | Noticed a cyan ugly thing
  8640 | D:10     | Reached skill level 1 in Throwing
  8685 | D:10     | Reached XP level 11. HP: 91/92 MP: 11/11
  8910 | Orc:1    | Entered Level 1 of the Orcish Mines
  8937 | Orc:1    | Noticed Jorgrun
  9004 | D:10     | Killed Jorgrun
  9005 | D:10     | Reached skill level 13 in Axes
  9102 | Orc:1    | Noticed an orc sorcerer
  9156 | Orc:1    | Killed an orc sorcerer
  9279 | D:10     | Killed a cyan ugly thing
  9345 | D:10     | Reached skill level 5 in Evocations
  9793 | Orc:2    | Entered Level 2 of the Orcish Mines
  9879 | Orc:2    | Noticed an orc knight
  9944 | Orc:1    | Killed an orc knight
 10056 | Orc:2    | Found a staircase to the Elven Halls.
 10074 | Orc:2    | Noticed a two-headed ogre
 10081 | Orc:2    | Killed a two-headed ogre
 10319 | Orc:2    | Reached XP level 12. HP: 37/103 MP: 12/12
 10631 | Orc:2    | Found Yrhe Ristruo's General Store.
 10655 | Orc:2    | Reached skill level 14 in Axes
 10694 | Orc:2    | Found Nuete's Distillery.
 10832 | Orc:2    | Bought a potion of curing for 48 gold pieces
 10832 | Orc:2    | Bought a potion of heal wounds for 80 gold pieces
 10832 | Orc:2    | Bought a potion of curing for 48 gold pieces
 10832 | Orc:2    | Bought a potion of curing for 48 gold pieces
 10832 | Orc:2    | Bought a potion of curing for 48 gold pieces
 10832 | Orc:2    | Bought a potion of curing for 48 gold pieces
 10834 | Orc:2    | Bought a scroll of blinking for 120 gold pieces
 11014 | Orc:2    | Found Ytaffew's Assorted Antiques.
 11017 | Orc:2    | Paralysed by an orc sorcerer for 5 turns
 11080 | Orc:2    | Bought a potion of heal wounds for 145 gold pieces
 11080 | Orc:2    | Bought a sharpened silver wand for 116 gold pieces
 11171 | Orc:2    | Noticed an orc high priest
 11213 | Orc:2    | Paralysed by an orc sorcerer for 2 turns
 11299 | Orc:2    | Noticed an orc high priest
 11305 | Orc:2    | Killed an orc high priest
 11343 | Orc:2    | Killed an orc high priest
 11405 | Orc:2    | Noticed a demonspawn
 11416 | Orc:2    | Killed a demonspawn
 11417 | Orc:2    | Noticed an orc high priest
 11417 | Orc:2    | Noticed an orc high priest
 11448 | Orc:2    | Killed from afar by an orc high priest

Illustrated notes

Levels and vault maps discovered:
D:1:      dpeg_arrival_stone_temple_mockup, layout_basic
D:2:      layout_loops_ring, uniq_natasha
D:3:      layout_basic, serial_shops, nicolae_shop_gaudy_bauble, uniq_grinder
D:4:      layout_loops_ring, serial_shops, nicolae_shop_waterfront,
          nicolae_shop_statue_plus, nicolae_twisty_statue_hallways
D:5:      layout_basic, minmay_temple_entry_junction_2
D:6:      layout_rooms, amethyst_overflow_temple_binary, serial_demonic,
          serial_demonic_g, serial_demonic_d, serial_demonic_b, serial_demonic_g
D:7:      layout_cave_pods, serial_shops, nicolae_lakefront_shop
D:8:      layout_basic, serial_shops, nicolae_shop_tiny_statue_garden
D:9:      layout_long_grid, dpeg_lair_monsters, lightli_orcish_oven, uniq_harold
D:10:     layout_loops_ring, orc_0_dummy, grunt_tough_drop, uniq_joseph
Temple:   mainiacjoe_temple_big_plus
Orc:1:    layout_caves, uniq_jorgrun
Orc:2:    pf_orc_diabolical, layout_caves, serial_shops, shop,
          guppyfry_library_mini

Skill      XL: |  1  2  3  4  5  6  7  8  9 10 11 12 |
---------------+-------------------------------------+-----
Axes           | 3 5 7 9 11 12 13 14 | 14.7
Dodging        | 1 2 3 4 5 6 |  6.2
Fighting       | 4 5 6 7 8 9 |  9.3
Armour         | 4 5 6 7 8 9 |  9.3
Shields        | 4 5 8 9 |  9.9
Stealth        | 1 2 |  2.7
Evocations     | 3 5 6 |  6.9
Throwing       | 1 |  1.3

Action                     |  1- 3 |  4- 6 |  7- 9 | 10-12 || total
---------------------------+-------+-------+-------+-------++-------
  Melee: War axe           |   101 |    97 |   364 |   607 ||  1169
  Throw: Dart              |       |     1 |    10 |     9 ||    20
         Throwing net      |       |       |       |     5 ||     5
  Evoke: Wand              |       |       |       |     2 ||     2
    Use: Scroll            |       |    14 |     6 |     9 ||    29
         Potion            |       |     5 |     1 |     6 ||    12
   Stab: Invisible         |       |     1 |     9 |       ||    10
         Held in net/web   |       |       |       |     4 ||     4
         Distracted        |       |       |       |     2 ||     2
 Armour: Scale mail        |    76 |    84 |   113 |       ||   273
         Plate armour      |       |       |    68 |   396 ||   464
         Chain mail        |       |       |    13 |       ||    13
  Dodge: Dodged            |    50 |    52 |   260 |   346 ||   708
  Block: Buckler           |    24 |    23 |    85 |    53 ||   185
         Kite shield       |       |       |       |   238 ||   238

Table legend: (Time is in decaauts)
 A = Elapsed time spent in this place.
 B = Non-inter-level travel time spent in this place.
 C = Inter-level travel time spent in this place.
 D = Time resting spent in this place.
 E = Time spent auto-exploring this place.
 F = Levels seen in this place.
 G = Mean time per level.
                   A        B        C        D        E       F      G
               +--------+--------+--------+--------+--------+-----+--------+
         Total |  11522 |  11490 |     32 |    522 |   4382 |  13 |  886.3 |
       Dungeon |   9445 |   9413 |     32 |    340 |   4258 |  10 |  944.5 |
        Temple |     70 |     70 |      0 |      0 |      0 |   1 |   70.0 |
  Orcish Mines |   2006 |   2006 |      0 |    182 |    124 |   2 | 1003.0 |
               +--------+--------+--------+--------+--------+-----+--------+

Top non-repeatable levels by time:
    D:10: 1698 daAuts
   Orc:2: 1514 daAuts
     D:9: 1244 daAuts
     D:7: 982 daAuts
     D:8: 973 daAuts
     D:2: 873 daAuts
     D:3: 816 daAuts
     D:4: 813 daAuts
     D:5: 751 daAuts
     D:6: 679 daAuts
     D:1: 612 daAuts
   Orc:1: 492 daAuts
  Temple: 70 daAuts
